 Dungeon Crawl Stone Soup version 0.21-a0-140-g479285b (webtiles) character file.

20345 4thArraOfDagon the Zephyrmancer (level 13, 0/94 HPs)
             Began as a Human Air Elementalist on July 20, 2017.
             Was the Champion of Cheibriados.
             Slain by a red ugly thing (18 damage)
             ... on level 12 of the Dungeon.
             The game lasted 00:42:03 (7476 turns).

4thArraOfDagon the Zephyrmancer (HuAE)              Turns: 7476, Time: 00:42:04

Health: 0/94       AC: 17    Str: 33    XL:     13   Next: 11%
Magic:  13/32      EV: 20    Int: 36    God:    Cheibriados [******]
Gold:   693        SH:  0    Dex: 32    Spells: 5/25 levels left

rFire    . . .     SeeInvis .   t - +10 rapier of Death {flame, *Noise +Rage Str+9}
rCold    . . .     Gourm    .   (no shield)
rNeg     . . .     Faith    .   S - +2 leather armour {rPois}
rPois    +         Spirit   .   F - +2 hat
rElec    .         Reflect  .   E - +2 cloak {rPois}
rCorr    .         Harm     .   r - +0 pair of gloves
MR       .....                  j - +0 pair of boots
Stlth    +++.......             k - amulet of magic regeneration
HPRegen  0.25/turn              X - +5 ring of protection
MPRegen  0.48/turn              T - ring of magical power

@: very slow
A: yellow scales 1, agile 1, clever 1, deformed body, screaming 1, wild magic 1,
MP-powered wands
a: Bend Time, Temporal Distortion, Slouch, Step From Time, Renounce Religion,
Evoke Berserk Rage


You were on level 12 of the Dungeon.
You worshipped Cheibriados.
Cheibriados was exalted by your worship.
You were full.

You visited 1 branch of the dungeon, and saw 13 of its levels.

You collected 693 gold pieces.

Inventory:

Hand Weapons
 t - the +10 rapier of Death (weapon) {flame, *Noise +Rage Str+9}
   (You found it on level 4 of the Dungeon)

   It has been specially enchanted to burn those struck by it, causing extra
   injury to most foes and up to half again as much damage against particularly
   susceptible opponents.
   It affects your strength (+9).
   It lets you go berserk.
   It may make noises in combat.
 W - the +2 dire flail of the Queen {drain, rC+ Int+4}
   (You found it on level 9 of the Dungeon)

   A truly terrible weapon, it drains the life of those it strikes.
   It affects your intelligence (+4).
   It protects you from cold.
Missiles
 i - 7 curare-tipped needles
Armour
 j - a +0 pair of boots (worn)
 r - a +0 pair of gloves (worn)
 E - a +2 cloak of poison resistance (worn)
 F - a +2 hat (worn)
 S - a +2 leather armour of poison resistance (worn)
 V - the +1 ring mail of Dramatic Exits {*Slow rPois rC+}
   (You found it on level 9 of the Dungeon)

   It protects you from cold.
   It protects you from poison.
   It may slow you when you take damage.
Magical Staves
 G - an uncursed staff of energy {!a}
 Y - an uncursed staff of power {!a}
Jewellery
 d - an uncursed ring of protection from fire
 k - an amulet of magic regeneration (around neck)
 O - an uncursed ring of protection from magic
 T - a ring of magical power (right hand)
 X - a +5 ring of protection (left hand)
Wands
 a - a wand of disintegration (12/24)
 l - a wand of confusion (6/48)
 s - a wand of lightning (1/15)
 u - a wand of digging (2/24)
 L - a wand of flame (35/48)
Scrolls
 e - a scroll of identify
 x - 4 scrolls of remove curse
 y - a scroll of blinking
 C - 9 scrolls of recharging
 I - 6 scrolls of teleportation
 J - 3 scrolls of enchant armour {unknown}
 K - 2 scrolls of magic mapping
 M - a scroll of immolation
Potions
 m - 3 potions of might
 n - 3 potions of cancellation
 o - 4 potions of curing
 q - 7 potions of agility
 v - a potion of heal wounds
 w - 2 potions of magic
 A - 5 potions of brilliance
 B - 2 potions of resistance {unknown}
 D - a potion of mutation
 N - 2 potions of invisibility
 Q - a potion of lignification
 R - a potion of ambrosia
Books
 b - a book of Air

   Spells                             Type                      Level
   a - Shock                          Conjuration/Air              1
   b - Swiftness                      Charms/Air                   2
   c - Static Discharge               Conjuration/Air              3
   d - Airstrike                      Air                          4
   e - Lightning Bolt                 Conjuration/Air              5
 H - a book of Spatial Translocations

   Spells                             Type                      Level
   a - Blink                          Translocation                2
   b - Shroud of Golubria             Charms/Translocation         2
   c - Lesser Beckoning               Translocation                3
   d - Gell's Gravitas                Translocation                3
   e - Teleport Other                 Translocation                3
   f - Passage of Golubria            Translocation                4
 U - a book of Clouds

   Spells                             Type                      Level
   a - Poisonous Vapours              Poison/Air                   2
   b - Mephitic Cloud                 Conjuration/Poison/Air       3
   c - Conjure Flame                  Conjuration/Fire             3
   d - Freezing Cloud                 Conjuration/Ice/Air          6
   e - Ring of Flames                 Charms/Fire                  7
Comestibles
 c - 8 bread rations
 f - 9 meat rations
 h - 14 fruits
 p - a royal jelly


   Skills:
 - Level 6.3 Fighting
 - Level 7.0 Dodging
 - Level 2.0 Stealth
 + Level 6.7 Spellcasting
 * Level 7.6 Conjurations
 * Level 5.5 Ice Magic
 * Level 11.9 Air Magic
 + Level 7.5 Invocations
 - Level 5.3 Evocations


You had 5 spell levels left.
You knew the following spells:

 Your Spells              Type           Power        Failure   Level  Hunger
a - Shock                 Conj/Air       ####         1%          1    None
b - Swiftness             Chrm/Air       ######..     1%          2    None
c - Airstrike             Air            #######...   1%          4    #......
d - Blink                 Tloc           N/A          9%          2    None
e - Freezing Cloud        Conj/Ice/Air   #######...   24%         6    ######.
f - Lightning Bolt        Conj/Air       #######...   3%          5    ####...


Dungeon Overview and Level Annotations

Branches:
Dungeon (13/15)            Temple (0/1) D:7             Orc (0/2) D:9
   Lair: D:8-11      Vaults: D:13-14

Altars:
Cheibriados
Dithmenos
Elyvilon
Fedhas
Gozag
Kikubaaqudgha
Makhleb
Ru
Uskayaw
Vehumet
Wu Jian
Zin
The Shining One
Beogh

Shops:
D:4 (   D:7 %   D:11 }   D:13 %==

Annotations:
D:3 Terence
D:11 Nergalle


Innate Abilities, Weirdness & Mutations

You are partially covered in yellow scales. (AC +2)
You are agile. (Dex +2)
Your mind is acute. (Int +2)
Armour fits poorly on your strangely shaped body.
You occasionally shout uncontrollably at your foes.
Your spells are a little harder to cast, but a little more powerful.
You expend magic power (3 MP) to strengthen your wands.


Message History

Aiming: Airstrike
Press: ? - help, Dir - move target cursor, f/p - red ugly thing
Aim: a red ugly thing (severely wounded)
The air twists around and strikes the red ugly thing!
The red ugly thing is severely wounded.
The red ugly thing headbutts you.
You are engulfed in flames!!
* * * LOW HITPOINT WARNING * * *
The bullfrog barely misses you.
Unknown command.
Casting: Airstrike
Confirm with . or Enter, or press ? or * to list all spells.
Aiming: Airstrike
Press: ? - help, Dir - move target cursor, f/p - red ugly thing
Aim: a red ugly thing (severely wounded)
The air twists around and strikes the red ugly thing!
The red ugly thing is almost dead.
The bullfrog misses you. The red ugly thing headbutts you!
* * * LOW HITPOINT WARNING * * *
You are engulfed in flames!!
You die...

..........# #......
..........# #......
G.........# #......
Fu........# ......####
......(...######...#...
...............#...#...
#.........#####...
#uF...............
#@................
#.................
#.................
#.................
....................
###########.........
#......... ###.......
#.......


You could see a red ugly thing and a bullfrog.

Vanquished Creatures
  A fire dragon (D:13)
  A yaktaur captain (D:13)
  A centaur warrior (D:13)
  A two-headed ogre (D:10)
  A skeletal warrior (D:13)
  An unseen horror (D:11)
  An orc knight (D:13)
  A phantasmal warrior (D:13)
  A harpy (shapeshifter) (D:8)
  A wolf spider (D:13)
  A wolf spider zombie (D:13)
  A cyclops (D:13)
  2 manticores
  4 ugly things
  Maurice (D:10)
  2 gargoyles (D:12)
  A freezing wraith (D:13)
  A tengu conjurer (D:13)
  2 trolls
  A slime creature (D:12)
  Grinder (D:4)
  3 hippogriffs
  A shadow (D:13)
  A wyvern (D:12)
  6 yaks
  A basilisk (D:13)
  2 vampire mosquitoes (D:12)
  3 wargs (D:13)
  Duvessa (D:7)
  2 water moccasins
  11 orc warriors
  An ice beast (D:10)
  2 sky beasts
  2 necrophages
  A phantom (D:11)
  An eye of draining (D:8)
  5 ogres
  7 centaurs
  2 crocodiles
  A big kobold (D:10)
  A gnoll sergeant (D:9)
  6 bullfrogs
  A water moccasin zombie (D:6)
  A wyvern skeleton (D:8)
  A water moccasin skeleton (D:11)
  Dowan (D:7)
  5 scorpions
  5 killer bees (D:10)
  8 wights
  7 howler monkeys
  3 crimson imps
  3 bullfrog zombies
  10 orc priests
  3 centaur zombies
  3 bullfrog skeletons
  3 centaur skeletons
  5 hounds
  11 orc wizards
  Jessica (D:2)
  4 iguanas
  Natasha (D:3)
  5 worker ants
  A hound zombie (D:9)
  Robin (D:2)
  2 worker ant zombies (D:10)
  7 gnolls
  11 adders
  2 howler monkey skeletons
  2 shadow imps
  2 oozes
  A worm (D:2)
  3 dart slugs
  2 leopard geckos
  39 orcs
  8 giant cockroaches
  16 goblins
  3 hobgoblins
  3 jackals (D:9)
  6 kobolds
  5 quokkas
  A ball python (D:3)
  5 bats
  3 frilled lizards
  2 goblin skeletons (D:4)
  A hobgoblin zombie (D:4)
  A kobold skeleton (D:4)
  A kobold zombie (D:4)
  2 orc skeletons (D:4)
  3 orc zombies (D:4)
  A quokka skeleton (D:8)
  6 rats
308 creatures vanquished.

Vanquished Creatures (others)
  47 fungi (D:8)
  21 plants (D:8)
68 creatures vanquished.

Grand Total: 376 creatures vanquished

Notes
Turn   | Place    | Note
-------+----------+-------------------------------------------
     0 | D:1      | 4thArraOfDagon the Human Air Elementalist began the quest for the Orb.
     0 | D:1      | Reached XP level 1. HP: 13/13 MP: 3/3
   178 | D:1      | Reached XP level 2. HP: 7/19 MP: 0/5
   335 | D:2      | Learned a level 2 spell: Swiftness
   372 | D:2      | Noticed Jessica
   388 | D:2      | Killed Jessica
   388 | D:2      | Reached XP level 3. HP: 15/24 MP: 3/6
   681 | D:2      | Reached XP level 4. HP: 25/30 MP: 4/7
   779 | D:2      | Found a burning altar of Makhleb.
   779 | D:2      | Found a glowing silver altar of Zin.
   780 | D:2      | Noticed an angel
   780 | D:2      | Noticed a balrug
   803 | D:2      | Reached skill level 4 in Air Magic
   818 | D:2      | Noticed Robin
   869 | D:3      | Learned a level 4 spell: Airstrike
  1054 | D:4      | Found Rots's General Store.
  1167 | D:4      | Reached XP level 5. HP: 35/35 MP: 3/8
  1189 | D:4      | Got a fine rapier
  1190 | D:4      | Identified the +10 rapier of Death {flame, *Noise +Rage Str+9} (You found it on level 4 of the Dungeon)
  1212 | D:5      | Entered Level 5 of the Dungeon
  1278 | D:5      | Reached skill level 5 in Air Magic
  1284 | D:5      | Found a snail-covered altar of Cheibriados.
  1289 | D:5      | Became a worshipper of Cheibriados the Contemplative
  1419 | D:4      | Found a glowing golden altar of the Shining One.
  1444 | D:4      | Reached XP level 6. HP: 41/41 MP: 9/9
  1616 | D:3      | Reached skill level 6 in Air Magic
  1639 | D:3      | Reached * piety under Cheibriados
  1733 | D:2      | Killed Robin
  1955 | D:1      | You fall through a shaft!
  2015 | D:3      | Noticed Terence
  2213 | D:3      | Noticed Natasha
  2221 | D:3      | Killed Natasha
  2454 | D:4      | Noticed Grinder
  2456 | D:4      | Paralysed by Grinder for 4 turns
  2464 | D:4      | Killed Grinder
  2464 | D:4      | Reached ** piety under Cheibriados
  2464 | D:4      | Reached skill level 7 in Air Magic
  2464 | D:4      | Reached XP level 7. HP: 46/46 MP: 4/10
  2471 | D:4      | Found Kauzixiz's Weapon Shop.
  2553 | D:5      | Found a glowing golden altar of the Shining One.
  2712 | D:6      | Reached skill level 1 in Evocations
  2763 | D:6      | Reached skill level 1 in Fighting
  2780 | D:6      | Reached XP level 8. HP: 52/54 MP: 4/11
  2805 | D:6      | Reached skill level 1 in Invocations
  2808 | D:6      | Gained mutation: You are agile. (Dex +2) [mutagenic meat]
  2810 | D:6      | Gained mutation: Armour fits poorly on your strangely shaped body. [mutagenic meat]
  2811 | D:6      | Gained mutation: You are partially covered in yellow scales. (AC +2) [mutagenic meat]
  2882 | D:6      | Got a twitching iron amulet
  3099 | D:6      | Reached skill level 8 in Air Magic
  3181 | D:6      | Found an opulent altar of Gozag.
  3244 | D:5      | Found an ornate altar of the Wu Jian Council.
  3244 | D:5      | Found a radiant altar of Vehumet.
  3244 | D:5      | Found a white marble altar of Elyvilon.
  3244 | D:5      | Found a hide-covered altar of Uskayaw.
  3252 | D:5      | Identified the amulet "Zute" {Gourm Str+3} (You found it on level 6 of the Dungeon)
  3319 | D:7      | Found Nimocwa's Food Emporium.
  3371 | D:7      | Noticed Duvessa
  3373 | D:7      | Noticed Dowan
  3386 | D:7      | Killed Dowan
  3387 | D:7      | Killed Duvessa
  3399 | D:7      | Noticed a hippogriff
  3406 | D:7      | Killed a hippogriff
  3406 | D:7      | Reached XP level 9. HP: 38/62 MP: 0/13
  3428 | D:7      | Found a staircase to the Ecumenical Temple.
  3502 | D:7      | Reached *** piety under Cheibriados
  3709 | D:8      | Noticed an orb spider
  3709 | D:8      | Noticed a manticore
  3713 | D:8      | an orb spider changed into a human
  3720 | D:8      | Killed a manticore
  3764 | D:8      | Noticed a polar bear
  3770 | D:8      | Noticed a harpy
  3770 | D:8      | a polar bear changed into a harpy
  3772 | D:8      | Killed a harpy
  3772 | D:8      | Reached skill level 9 in Air Magic
  3772 | D:8      | Reached skill level 5 in Evocations
  3797 | D:8      | Noticed a troll
  3827 | D:8      | Reached XP level 10. HP: 71/71 MP: 12/15
  3958 | D:9      | Got a faintly glowing ring mail
  3969 | D:9      | Identified the +1 ring mail of Dramatic Exits {*Slow rPois rC+} (You found it on level 9 of the Dungeon)
  4053 | D:9      | Got a scorched dire flail
  4128 | D:8      | Found a blossoming altar of Fedhas.
  4130 | D:8      | Found an ancient bone altar of Kikubaaqudgha.
  4151 | D:8      | Found a sacrificial altar of Ru.
  4179 | D:8      | Reached **** piety under Cheibriados
  4332 | D:8      | Reached skill level 5 in Dodging
  4421 | D:9      | Identified the cursed +2 dire flail of the Queen {drain, rC+ Int+4} (You found it on level 9 of the Dungeon)
  4428 | D:9      | Reached skill level 10 in Air Magic
  4433 | D:9      | Gained mutation: You occasionally shout uncontrollably at your foes. [mutagenic meat]
  4434 | D:9      | Gained mutation: You expend magic power (3 MP) to strengthen your wands. [mutagenic meat]
  4435 | D:9      | Gained mutation: Your spells are a little harder to cast, but a little more powerful. [mutagenic meat]
  4436 | D:9      | Gained mutation: Your mind is acute. (Int +2) [mutagenic meat]
  4446 | D:9      | Learned a level 2 spell: Blink
  4453 | D:9      | Learned a level 6 spell: Freezing Cloud
  4521 | D:9      | Reached skill level 5 in Invocations
  4560 | D:9      | Reached ***** piety under Cheibriados
  4648 | D:9      | Found a staircase to the Orcish Mines.
  4740 | D:9      | Found a roughly hewn altar of Beogh.
  4747 | D:9      | Reached skill level 5 in Fighting
  4842 | D:10     | Entered Level 10 of the Dungeon
  4915 | D:10     | Reached skill level 5 in Spellcasting
  4915 | D:10     | Reached XP level 11. HP: 66/79 MP: 12/18
  4991 | D:10     | Noticed a two-headed ogre
  4998 | D:10     | Killed a two-headed ogre
  5047 | D:10     | Noticed Maurice
  5071 | D:10     | Killed Maurice
  5561 | D:11     | Reached skill level 5 in Conjurations
  5565 | D:11     | Found Aceqiaje's Gadget Boutique.
  5659 | D:11     | Learned a level 5 spell: Lightning Bolt
  5703 | D:11     | Noticed a purple ugly thing
  5709 | D:11     | Killed a purple ugly thing
  5748 | D:11     | Found a shadowy altar of Dithmenos.
  5762 | D:11     | Reached skill level 1 in Ice Magic
  5920 | D:11     | Noticed a purple ugly thing
  5927 | D:11     | Killed a purple ugly thing
  5927 | D:11     | Reached ****** piety under Cheibriados
  5998 | D:11     | Killed an unseen horror
  5998 | D:11     | Reached skill level 11 in Air Magic
  6008 | D:11     | Noticed Nergalle
  6111 | D:12     | Reached XP level 12. HP: 88/88 MP: 3/20
  6223 | D:12     | Found a blossoming altar of Fedhas.
  6680 | D:13     | Noticed a skeletal warrior
  6703 | D:13     | Killed a skeletal warrior
  6780 | D:13     | Noticed a yaktaur captain
  6789 | D:13     | Noticed a fire dragon
  6953 | D:13     | Noticed a crystal guardian
  6957 | D:13     | Found Kohalaoj's Jewellery Boutique.
  7035 | D:13     | Found Fysir's Jewellery Emporium.
  7174 | D:13     | Found Gajyl's Food Boutique.
  7212 | D:13     | Noticed a centaur warrior
  7220 | D:13     | Killed a centaur warrior
  7220 | D:13     | Reached skill level 5 in Ice Magic
  7239 | D:13     | Noticed a skeletal warrior
  7240 | D:13     | Noticed a skeletal warrior
  7243 | D:13     | Noticed a skeletal warrior
  7244 | D:13     | Noticed a skeletal warrior
  7254 | D:13     | Killed a yaktaur captain
  7254 | D:13     | Reached XP level 13. HP: 32/94 MP: 4/23
  7320 | D:13     | Killed a fire dragon
  7476 | D:12     | Slain by a red ugly thing

Vault maps used:
D:1:      dpeg_arrival_arbitrary_a
D:2:      grunt_temple_overflow_order_and_chaos_2, uniq_jessica, uniq_robin
D:3:      first_bread, uniq_terence, uniq_natasha
D:4:      serial_shops, nicolae_shop_behind_doors, shop, shop,
          kennysheep_crisscross, nicolae_tso_besieged_by_evil, uniq_grinder
D:5:      lemuel_doored_altar, kennysheep_little_box,
          nicolae_overflow_hidden_temple
D:6:      st_stairs_14, nicolae_gozag_cash_rules_everything_around_me
D:7:      minmay_temple_entry_steel_oval, serial_shops, shop_fountains,
          uniq_duvessa
D:8:      grunt_temple_overflow_growth_and_decay, hangedman_ru_absence,
          due_lair_maze_entry_diamond, kb_rosetta
D:9:      minmay_orc_entry_temple_large
D:10:     serial_corexii_hall, corexii_hall_statues_u, corexii_hall_statues_s,
          corexii_hall_statues_deadend, corexii_hall_statues_x,
          corexii_hall_statues_l, corexii_hall_statues_i, minivault_26,
          uniq_maurice
D:11:     serial_shops, nicolae_shop_statue_plus,
          nicolae_dithmenos_shadow_blocks, uniq_nergalle
D:12:     basic_altar, hangedman_ranch, feat_on_display
D:13:     minmay_sliced_demisemicircle, serial_shops, shop, shop, shop_statue,
          shop_fountains, nicolae_shop_temple_entry_statues_fountains

Skill      XL: |  1  2  3  4  5  6  7  8  9 10 11 12 |
---------------+-------------------------------------+-----
Conjurations   | 2 3 5 7 |  7.6
Air Magic      | 4 5 7 8 9 10 11 | 11.9
Evocations     | 1 3 5 |  5.3
Fighting       | 1 2 3 5 6 |  6.3
Invocations    | 2 3 5 6 7 |  7.5
Dodging        | 3 4 5 6 7 |  7.0
Spellcasting   | 3 5 6 |  6.7
Ice Magic      | 2 5 |  5.5
Stealth        | |  2.0

Action                   |  1- 3 |  4- 6 |  7- 9 | 10-12 | 13-15 || total
-------------------------+-------+-------+-------+-------+-------++-------
Melee: Unarmed           |     2 |       |       |       |       ||     2
       Short sword       |     3 |       |       |       |       ||     3
       Dagger            |     5 |    25 |       |       |       ||    30
       Rapier            |       |    89 |    68 |   259 |     1 ||   417
       Dire flail        |       |       |       |     9 |       ||     9
       Staff             |       |       |       |     7 |       ||     7
 Cast: Shock             |    17 |    34 |     4 |       |       ||    55
       Airstrike         |       |     2 |    30 |   264 |    16 ||   312
Invok: Slouch            |       |       |       |     1 |       ||     1
Evoke: Wand              |       |       |     7 |     2 |       ||     9
  Use: Scroll            |     3 |    12 |     4 |    13 |       ||    32
       Potion            |       |       |       |     2 |       ||     2
 Stab: Sleeping          |     5 |     9 |       |     4 |       ||    18
  Eat: Chunk             |       |     5 |    13 |    23 |       ||    41
       Royal jelly       |       |       |       |     2 |     3 ||     5
       Fruit             |       |       |       |     3 |       ||     3
Armor: Robe              |     6 |    24 |    14 |       |       ||    44
       Leather armour    |       |       |     5 |   107 |     1 ||   113
Dodge: Dodged            |    29 |    68 |    69 |   337 |     8 ||   511
